AoeStats
← Křovák

Marketplace

505396953Analyzed
1v1 RM · 24d ago on Sep 9, 2026· 73m 37s· 2 players
Game mode
Random Map
Map size
Tiny (2 player)
Population
200
Speed
Normal
Resources
Standard
Victory
Conquest
Starting age
Dark Age
Ending age
Imperial Age
RankedLock teamsTeams togetherTeam positionsShared explorationLock speedFull tech treeHidden civsTurbo modeCheats
Victory
Defeat
🇨🇳 Goths · China
872
+13
🇨🇿 Franks · Czechia
801
-13
Křovák
7:50 Loom
11:06 Feudal Age
11:57 Double-Bit Axe
20:11 Fletching
25:50 Castle Age
25:44 Scale Barding Armor
36:13 Forging
44:43 Bow Saw
46:40 Murder Holes
53:39 Imperial Age
59:57 Crossbowman
60:53 Padded Archer Armor
62:32 Town Watch
林冬芽
2:44 Loom
10:46 Feudal Age
11:19 Double-Bit Axe
11:36 Man-at-Arms
15:51 Scale Mail Armor
17:17 Wheelbarrow
22:01 Castle Age
21:54 Horse Collar
22:31 Long Swordsman
24:22 Squires
26:47 Chain Mail Armor
28:04 Gold Mining
29:15 Forging
29:19 Bow Saw
32:57 Iron Casting
33:48 Fletching
55:14 Imperial Age
55:19 Two-Handed Swordsman
57:03 Blast Furnace
57:31 Champion
64:08 Conscription
67:50 Perfusion
71:14 Hand Cart
70:47 Town Watch
71:54 Padded Archer Armor
73:35 Leather Archer Armor
Connection lost

Rejoining the realm…

Still unreachable

The connection could not be restored.

Session expired

The server has moved on; the page needs a fresh start.